 Dungeon Crawl Stone Soup version 0.28.0-53-g5a82cb258f (webtiles) character file.

Game seed: 7450615253044656691

278 safid the Chopper (level 6, -1/52 HPs)
             Began as a Hill Orc Fighter on July 27, 2022.
             Was a Believer of Fedhas.
             Slain by a kobold brigand
             ... wielding a +0 dagger
              (7 damage)
             ... on level 4 of the Dungeon.
             The game lasted 00:04:20 (3640 turns).

safid the Chopper (Hill Orc Fighter)                Turns: 3640, Time: 00:04:21

Health: -1/52      AC: 11    Str: 21    XL:     6   Next: 26%
Magic:  6/6        EV:  9    Int:  8    God:    Fedhas [**....]
Gold:   168        SH:  4    Dex: 10    Spells: 5/5 levels left

rFire   . . .      SeeInvis .   a - +0 war axe
rCold   . . .      Faith    .   c - +0 buckler
rNeg    . . .      Spirit   .   b - +0 scale mail
rPois   .          Reflect  .   (no helmet)
rElec   .          Harm     .   k - +0 cloak
rCorr   .          Rampage  .   i - +2 pair of gloves
Will    .....                   (no boots)
Stlth   ..........              (no amulet)
HPRegen 0.17/turn               (no ring)
MPRegen 0.10/turn               (no ring)

@: slowed, very slow
A: no striking features
a: Renounce Religion, Wall of Briars


You were on level 4 of the Dungeon.
You worshipped Fedhas.
Fedhas was pleased with you.
You visited 1 branch of the dungeon, and saw 4 of its levels.

You collected 168 gold pieces.

Inventory:

Hand Weapons
 a - a +0 war axe (weapon)
Missiles
 u - 4 poisoned darts (quivered)
Armour
 b - a +0 scale mail (worn)
 c - a +0 buckler (worn)
 i - a +2 pair of gloves (worn)
 k - a +0 cloak (worn)
Jewellery
 m - a ring of fire
 n - a ring of flight
Wands
 q - a wand of flame (20)
Scrolls
 h - a scroll of blinking {unknown}
 j - 2 scrolls of enchant weapon {unknown}
 p - a scroll of magic mapping {unknown}
 s - a scroll of immolation {unknown}
 t - a scroll of noise {unknown}
Potions
 d - a potion of might
 e - a potion of attraction {unknown}
 f - a potion of invisibility {unknown}
 g - a potion of mutation {unknown}
 l - 2 potions of curing {unknown}
 o - a potion of lignification {unknown}
 r - a potion of berserk rage {unknown}


   Skills:
 - Level 4.0 Fighting
 * Level 7.3 Axes
 - Level 4.0 Armour
 - Level 4.0 Shields


You had 5 spell levels left.
You didn't know any spells.
Your spell library contained the following spells:

 Spells                   Type           Power      Damage    Failure   Level
 Animate Skeleton         Necr           0%         N/A       83%         1
 Apportation              Tloc           0%         N/A       83%         1
 Foxfire                  Conj/Fire      0%         2x1d4     83%         1
 Magic Dart               Conj           0%         1d3       83%         1
 Summon Small Mammal      Summ           0%         N/A       83%         1
 Call Imp                 Summ           0%         N/A       92%         2
 Corpse Rot               Necr/Air       0%         N/A       92%         2
 Conjure Flame            Conj/Fire      0%         6-21      99%         3
 Gell's Gravitas          Tloc           0%         N/A       99%         3
 Inner Flame              Hex/Fire       0%         N/A       99%         3
 Lesser Beckoning         Tloc           0%         N/A       99%         3
 Mephitic Cloud           Conj/Pois/Air  0%         N/A       99%         3
 Teleport Other           Tloc           0%         N/A       99%         3
 Dispel Undead            Necr           0%         3d6       100%        4
 Flame Wave               Conj/Fire      0%         2d4       100%        4
 Death Channel            Necr           0%         N/A       100%        6


Dungeon Overview and Level Annotations

Branches:
Dungeon (4/15)
 Temple: D:4-7

Altars:
Fedhas


Message History

The kobold brigand hits you but does no damage. x2
Okay, then.
You hit the kobold brigand but do no damage.
The kobold brigand is moderately wounded.
You feel sick.
The kobold brigand hits you with a +0 dagger.
You block the kobold brigand's attack.
You hit the kobold brigand.
The kobold brigand is heavily wounded.
You feel sick.
You are no longer poisoned.
The kobold brigand hits you with a +0 dagger.
* * * LOW HITPOINT WARNING * * *
The kobold brigand barely misses you.
You barely miss the kobold brigand.
The kobold brigand is heavily wounded.
The kobold brigand hits you with a +0 dagger.
* * * LOW HITPOINT WARNING * * *
You barely miss the kobold brigand.
The kobold brigand is heavily wounded.
The kobold brigand hits you but does no damage.
The kobold brigand barely misses you.
You hit the kobold brigand.
The kobold brigand is heavily wounded.
The kobold brigand hits you but does no damage.
The kobold brigand hits you with a +0 dagger.
* * * LOW HITPOINT WARNING * * *
You barely miss the kobold brigand.
The kobold brigand is heavily wounded.
The kobold brigand hits you but does no damage.
You miss the kobold brigand.
The kobold brigand is heavily wounded.
The kobold brigand hits you with a +0 dagger.
* * * LOW HITPOINT WARNING * * *
The kobold brigand hits you but does no damage.
You miss the kobold brigand.
The kobold brigand is heavily wounded.
The kobold brigand hits you with a +0 dagger!
You die...
Fedhas appreciates your contribution to the ecosystem.

#.# +# #.# #.#
#.# #.# #.#
#####.### #.#
..#....####
#.#
#....#.....
..#
#.#####.#....#
......K@....#
#.#####.##.##
#.##.# ..##.#
#####.#
######### #.#
#.......# #.#
#.#####.# #.#
#.# ##.######
#.#


You could see a kobold brigand.

Vanquished Creatures
  A scorpion (D:4)
  Natasha (thrice) (D:3)
  7 adders
  A worm (D:2)
  2 dart slugs
  3 orcs (D:4)
  7 ball pythons
  10 endoplasms
  4 giant cockroaches
  4 goblins
  6 hobgoblins
  4 quokkas
  4 bats
  5 frilled lizards
  5 kobolds
  7 rats
73 creatures vanquished.

Vanquished Creatures (others)
  4 toadstools (D:1)
4 creatures vanquished.

Grand Total: 77 creatures vanquished

Notes
Turn   | Place    | Note
-------+----------+-------------------------------------------
     0 | D:1      | safid the Hill Orc Fighter began the quest for the Orb.
     0 | D:1      | Reached XP level 1. HP: 19/19 MP: 1/1
    53 | D:1      | Reached XP level 2. HP: 15/27 MP: 2/2
   210 | D:1      | Reached skill level 3 in Axes
   682 | D:2      | Reached XP level 3. HP: 33/33 MP: 3/3
  1556 | D:2      | Reached XP level 4. HP: 40/40 MP: 4/4
  1609 | D:2      | Found a faded altar of an unknown god.
  1623 | D:2      | Reached skill level 4 in Axes
  1627 | D:2      | Prayed at the altar of an unknown god.
  1627 | D:2      | Became a worshipper of Fedhas Madash
  1627 | D:2      | Reached * piety under Fedhas
  1756 | D:3      | Noticed Natasha
  1763 | D:3      | Killed Natasha
  1925 | D:3      | Reached skill level 5 in Axes
  1996 | D:3      | Reached XP level 5. HP: 28/46 MP: 5/5
  2203 | D:3      | Noticed Natasha
  2211 | D:3      | Killed Natasha
  2214 | D:3      | Noticed Natasha
  2219 | D:3      | Killed Natasha
  2220 | D:3      | Reached skill level 6 in Axes
  2870 | D:4      | Reached skill level 7 in Axes
  2870 | D:4      | Reached XP level 6. HP: 22/52 MP: 6/6
  3507 | D:4      | Reached ** piety under Fedhas
  3640 | D:4      | Slain by a kobold brigand

Illustrated notes

Levels and vault maps discovered:
D:1:      ldierk_water_garden, layout_rooms
D:2:      layout_basic, ebering_ecumenical_altar_sacrificial, patterned_corridor
D:3:      layout_loops_ring, uniq_natasha
D:4:      layout_loops_corners, serial_glass, glass_columns_a, glass_columns_c,
          corexii_shack, hangedman_decor_riveting

Skill      XL: |  1  2  3  4  5 |
---------------+----------------+-----
Axes           | 3 5 7 |  7.3
Fighting       | 4 |  4.0
Armour         | 4 |  4.0
Shields        | 4 |  4.0

Action                   |  1- 3 |  4- 6 || total
-------------------------+-------+-------++-------
Melee: War axe           |   100 |   120 ||   220
Armor: Scale mail        |    49 |    57 ||   106
Dodge: Dodged            |    41 |    43 ||    84
Block: Buckler           |    25 |    26 ||    51
